 Dungeon Crawl Stone Soup version 0.25-a0-670-g50981ef59b (webtiles) character file.

Game seed: 849841001925313001, levelgen mode: deterministic

4678 Amnesiac the Frost Mage (level 10, -7/50 HPs)
             Began as a Deep Elf Ice Elementalist on Mar 29, 2020.
             Was a Follower of Vehumet.
             Mangled by Harold
             ... wielding a +0 trident
              (11 damage)
             ... on level 8 of the Dungeon.
             The game lasted 00:19:17 (7551 turns).

Amnesiac the Frost Mage (Deep Elf Ice Elementalist) Turns: 7551, Time: 00:19:17

Health: -7/50      AC:  5    Str:  5    XL:     10   Next: 21%
Magic:  23/24      EV: 16    Int: 24    God:    Vehumet [*.....]
Gold:   104        SH:  6    Dex: 19    Spells: 14/30 levels left

rFire    . . .     SeeInvis .   a - +6 dagger (venom)
rCold    . . .     Gourm    .   q - +0 buckler
rNeg     . . .     Faith    .   u - +1 robe
rPois    .         Spirit   .   (no helmet)
rElec    .         Reflect  .   y - +0 cloak
rCorr    +         Harm     .   g - +0 pair of gloves
MR       +....                  (no boots)
Stlth    ++........             (no amulet)
HPRegen  0.16/turn              i - ring of resist corrosion
MPRegen  0.19/turn              n - +4 ring of dexterity

@: brilliant, frozen ramparts
A: low mp 1, evolution 1
a: Renounce Religion


You were on level 8 of the Dungeon.
You worshipped Vehumet.
Vehumet was aware of your devotion.
You were not hungry.

You visited 2 branches of the dungeon, and saw 9 of its levels.

You collected 331 gold pieces.
You spent 227 gold pieces at shops.

Inventory:

Hand Weapons
 a - a +6 dagger of venom (weapon)
Missiles
 m - a throwing net (quivered)
Armour
 g - a +0 pair of gloves (worn)
 q - a +0 buckler (worn)
 u - a +1 robe (worn)
 w - a +3 ring mail of magic resistance
 y - a +0 cloak (worn)
Jewellery
 b - an uncursed ring of flight
 i - a ring of resist corrosion (left hand)
 n - a +4 ring of dexterity (right hand)
 r - an uncursed ring of magical power
Wands
 p - a wand of iceblast (4)
Scrolls
 d - 2 scrolls of magic mapping {!r}
 h - 5 scrolls of identify {!r}
 k - 4 scrolls of remove curse {!r}
 l - a scroll of fog {!r}
 s - 3 scrolls of teleportation {!r}
 t - a scroll of fear {!r, unknown}
Potions
 e - 3 potions of curing {!q}
 o - 2 potions of mutation {!q}
 v - a potion of berserk rage {!q, unknown}
 x - a potion of cancellation {!q, unknown}
 z - a potion of ambrosia {!q, unknown}
Comestibles
 c - 5 rations
 j - 3 chunks of flesh


   Skills:
 + Level 5.5 Dodging
 - Level 2.4 Stealth
 - Level 4.0 Shields
 + Level 10.5 Spellcasting
 * Level 12.5 Ice Magic


You had 14 spell levels left.
You knew the following spells:

 Your Spells              Type           Power        Failure   Level  Hunger
b - Frozen Ramparts       Ice            ######       1%          3    None
c - Summon Ice Beast      Ice/Summ       ######..     3%          4    None
d - Hailstorm             Conj/Ice       ######..     3%          4    None
v - Blink                 Tloc           N/A          8%          2    None
z - Ozocubu's Armour      Chrm/Ice       ######..     1%          3    None

Your spell library contained the following spells:

 Spells                   Type           Power        Failure   Level  Hunger
 Sandblast                Erth           ###...       4%          1    None
 Freeze                   Ice            ####         1%          1    None
 Ensorcelled Hibernation  Hex/Ice        ######       1%          2    None
 Corona                   Hex            ###....      4%          1    None
 Foxfire                  Conj/Fire      ###.         4%          1    None
 Magic Dart               Conj           ###.         4%          1    None
 Call Imp                 Summ           ###.....     8%          2    None
 Slow                     Hex            ###.....     8%          2    None
 Metabolic Englaciation   Hex/Ice        ######....   11%         5    None
 Confusing Touch          Hex            ###.....     16%         3    None
 Conjure Flame            Conj/Fire      ###.....     16%         3    None
 Dazzling Flash           Conj/Hex       ###...       16%         3    None
 Gell's Gravitas          Tloc           ###.......   16%         3    None
 Inner Flame              Hex/Fire       ###.....     16%         3    None
 Mephitic Cloud           Conj/Pois/Air  ###.....     16%         3    None
 Tukima's Dance           Hex            ###.....     16%         3    None
 Petrify                  Tmut/Erth      ###.....     45%         4    None
 Sticky Flame             Conj/Fire      ###.....     45%         4    None
 Fireball                 Conj/Fire      ###.......   80%         5    None
 Yara's Violent Unravell  Hex/Tmut       ###.......   80%         5    None


Dungeon Overview and Level Annotations

Branches:
Dungeon (8/15)             Temple (1/1) D:6
   Lair: D:8-11

Altars:
Ashenzari
Cheibriados
Dithmenos
Elyvilon
Fedhas
Gozag
Hepliaklqana
Kikubaaqudgha
Makhleb
Nemelex Xobeh
Okawaru
Qazlal
Ru
Sif Muna
Trog
Uskayaw
Vehumet
Wu Jian
Xom
Yredelemnul
Zin
The Shining One

Shops:
D:5 *   D:6 [   D:7 [

Annotations:
D:8 Harold


Innate Abilities, Weirdness & Mutations

Your magical capacity is low. (-10% MP)
You evolve.


Message History

The wall freezes the two-headed ogre.
The two-headed ogre hits your ice beast with a +0 giant spiked club!
The two-headed ogre hits your ice beast but does no damage.
Your ice beast freezes the two-headed ogre!
The wall freezes the two-headed ogre.
The two-headed ogre hits your ice beast with a +0 giant spiked club!!
The two-headed ogre hits your ice beast with a +0 giant spiked club!
Your ice beast dies!
The wall freezes the two-headed ogre.
Your ice beast freezes the two-headed ogre!
The wall freezes the two-headed ogre!
You kill the two-headed ogre!
Vehumet accepts your kill.
Things that are here:
a +0 giant spiked club x2; a two-headed ogre corpse You butcher the two-headed ogre corpse.
j - 4 chunks of flesh
Things that are here:
a +0 giant spiked club x2; a two-headed ogre skeleton You swap places.
The frozen ramparts melt away.
y - a cloak You start putting on your armour.
You continue putting on your cloak. x4
You finish putting on your +0 cloak.
You start resting.
Eating one of 4 chunks of flesh.
You eat one of the 4 chunks of flesh.
This raw flesh tastes terrible.
Your ice beast disappears in a puff of smoke!
Magic restored.
Found a scroll of immolation.
A crimson imp comes into view.
Found a stone staircase leading up.
A crimson imp is nearby!
A crimson imp is nearby!
The crimson imp shouts!
The crimson imp blinks!
No target in view!
No target in view!
Harold the Weathered comes into view.
He is wielding a +0 trident.
Found a potion of degeneration.
Casting: Frozen Ramparts (safe; 1% risk of failure)
Confirm with . or Enter, or press ? or * to list all spells.
The walls around you are covered in ice.
Harold throws a throwing net.
The throwing net barely misses you.
Found 13 stones.
Harold throws a throwing net.
The throwing net hits you.
You become entangled in the net!
You see here a throwing net.
You struggle against the net.
Harold fires a harpoon shot at you. The harpoon shot hits you!
You are yanked forward by the harpoon shot.
The crimson imp puffs mist at you. Harold fires a harpoon shot at you.
The harpoon shot hits you!
* * * LOW HITPOINT WARNING * * *
You are yanked forward by the harpoon shot.
Harold hits you from afar with a +0 trident!!
* * * LOW HITPOINT WARNING * * *
The wall freezes Harold.
Really quaff
f - a ruby potion {!q}?
It was a potion of brilliance {!q}.
You feel clever all of a sudden.
The wall freezes Harold.
Harold hits you from afar with a +0 trident!
You die...

.. ... . .. ...
..#.## ..... ...
.....
.....##.##..#.#
....!.........#
#.#............#
...#.##.#.....#
.....?...(....# ##
#.#.#.#.@#@....##.
.#
#.#.#.#..#........
.#
#..<....(@........
.##
#.#............##.
..#
#.###.#(..........
.## #.#
#.##....#.###. .#
#.# #.####..#.#
.######.# #.#
##.#.# ........#
#.# .#


You could see Harold.

Vanquished Creatures
  2 two-headed ogres
  An oklob plant (D:4)
  Joseph (D:7)
  A human (D:6)
  Menkaure (D:6)
  2 water moccasins
  2 sky beasts
  An orc warrior (D:7)
  An ice beast (D:6)
  A phantom (D:7)
  A necrophage (D:6)
  4 ogres
  4 centaurs
  A big kobold (D:6)
  3 bullfrogs
  A scorpion (D:6)
  A crimson imp (D:5)
  A centaur zombie (D:5)
  2 jellies
  3 hounds
  2 bullfrog skeletons
  An orc priest (D:5)
  2 worker ants
  2 iguanas (D:5)
  4 orc wizards (D:5)
  A hound zombie (D:7)
  A worker ant zombie (D:5)
  4 gnolls (D:4)
  9 adders
  A shadow imp (D:6)
  An ooze (D:2)
  An adder skeleton (D:4)
  3 worms (D:4)
  2 dart slugs
  4 leopard geckos
  12 orcs
  5 giant cockroaches
  3 goblins
  2 jackals (D:4)
  4 kobolds
  6 quokkas
  2 bats (D:1)
  2 frilled lizards
  A quokka skeleton (D:4)
  4 rats (D:1)
  9 fungi (D:4)
  9 plants (D:4)
131 creatures vanquished.

Vanquished Creatures (collateral kills)
  2 ice beasts
  An ogre (D:4)
  A centaur zombie (D:6)
4 creatures vanquished.

Grand Total: 135 creatures vanquished

Notes
Turn   | Place    | Note
-------+----------+-------------------------------------------
     0 | D:1      | Amnesiac the Deep Elf Ice Elementalist began the quest for
                  | the Orb.
     0 | D:1      | Reached XP level 1. HP: 10/10 MP: 6/6
   150 | D:1      | Reached XP level 2. HP: 14/15 MP: 2/8
   307 | D:2      | Reached skill level 5 in Ice Magic
   307 | D:2      | Reached XP level 3. HP: 12/19 MP: 3/10
   365 | D:2      | Learned a level 3 spell: Frozen Ramparts
   611 | D:3      | Reached XP level 4. HP: 17/24 MP: 10/12
   821 | D:5      | Entered Level 5 of the Dungeon
   840 | D:5      | Learned a level 4 spell: Summon Ice Beast
   850 | D:5      | Reached skill level 6 in Ice Magic
   959 | D:4      | Reached XP level 5. HP: 28/28 MP: 10/14
  1052 | D:4      | Noticed an ogre
  1060 | D:4      | Killed an ogre
  1060 | D:4      | Reached skill level 5 in Spellcasting
  1140 | D:4      | Reached skill level 7 in Ice Magic
  1140 | D:4      | Reached XP level 6. HP: 25/32 MP: 2/16
  1165 | D:4      | Learned a level 4 spell: Hailstorm
  1405 | D:4      | Found a blossoming altar of Fedhas.
  1432 | D:4      | Noticed an oklob plant
  3108 | D:4      | Gained mutation: You are frail. (-10% HP) [potion of
                  | mutation]
  3108 | D:4      | Gained mutation: You evolve. [potion of mutation]
  3234 | D:4      | Killed an oklob plant
  3234 | D:4      | Reached skill level 9 in Ice Magic
  3234 | D:4      | Reached XP level 7. HP: 32/32 MP: 2/19
  3419 | D:5      | Learned a level 3 spell: Ozocubu's Armour
  3434 | D:5      | Reached XP level 8. HP: 36/36 MP: 16/21
  3569 | D:5      | Found a snail-covered altar of Cheibriados.
  3815 | D:5      | Found Qefeery's Lightly-Used Armoury.
  3850 | D:5      | Reached skill level 10 in Ice Magic
  4123 | D:5      | Lost mutation: You are frail. (-10% HP) [evolution]
  4861 | D:6      | Noticed Menkaure
  4867 | D:6      | Killed Menkaure
  5222 | D:6      | Found a staircase to the Ecumenical Temple.
  5255 | Temple   | Entered the Ecumenical Temple
  5302 | Temple   | Became a worshipper of Vehumet
  5317 | D:6      | Found Rusoonli's Antique Armour Boutique.
  5334 | D:6      | Bought a buckler for 153 gold pieces
  5350 | D:6      | Reached skill level 1 in Shields
  5715 | D:6      | Reached XP level 9. HP: 40/45 MP: 21/24
  5730 | D:6      | Found a runed translucent door.
  5736 | D:6      | Found a basalt altar of Yredelemnul.
  5910 | D:6      | Reached skill level 11 in Ice Magic
  6477 | D:7      | Noticed Joseph
  6504 | D:7      | Killed Joseph
  6685 | D:7      | Found Isomat's Antique Armour Shop.
  6868 | D:7      | Bought a runed robe for 74 gold pieces
  6947 | D:7      | Reached skill level 10 in Spellcasting
  7018 | D:7      | Found a stormy altar of Qazlal.
  7058 | D:7      | Noticed a two-headed ogre
  7066 | D:7      | Killed a two-headed ogre
  7066 | D:7      | Reached skill level 5 in Dodging
  7066 | D:7      | Reached skill level 12 in Ice Magic
  7066 | D:7      | Reached XP level 10. HP: 50/50 MP: 19/26
  7092 | D:7      | Reached * piety under Vehumet
  7092 | D:7      | Offered knowledge of Sandblast by Vehumet.
  7099 | D:7      | Learned a level 2 spell: Blink
  7439 | D:7      | Gained mutation: Your magical capacity is low. (-10% MP)
                  | [evolution]
  7458 | D:8      | Noticed a two-headed ogre
  7469 | D:8      | Killed a two-headed ogre
  7538 | D:8      | Noticed Harold
  7551 | D:8      | Mangled by Harold

Levels and vault maps discovered:
D:1:      dpeg_arrival_leaves_temple_mockup, layout_loops_corners
D:2:      layout_loops_ring
D:3:      layout_basic, first_ration
D:4:      minmay_razor_zed, layout_basic, tgw_fedhas
D:5:      layout_gridville, minmay_shop_damaged, kennysheep_slug_shrine
D:6:      layout_basic, minmay_temple_entry_trees, serial_shops,
          nicolae_shop_trees, dk_yredelemnul_ordeal, uniq_menkaure
D:7:      layout_cave_pods, grunt_qazlal_clouds, serial_shops, shop, uniq_joseph
D:8:      layout_basic, dpeg_lair_monsters, basic_altar, uniq_gastronok,
          uniq_harold
Temple:   nicolae_temple_the_god_donut

Skill      XL: |  1  2  3  4  5  6  7  8  9 |
---------------+----------------------------+-----
Ice Magic      | 5 6 7 9 10 12 | 12.5
Spellcasting   | 4 5 7 9 10 | 10.5
Shields        | 2 4 |  4.0
Dodging        | 5 |  5.5
Stealth        | |  2.4

Action                   |  1- 3 |  4- 6 |  7- 9 | 10-12 || total
-------------------------+-------+-------+-------+-------++-------
Melee: Dagger            |       |    93 |   125 |     9 ||   227
 Cast: Freeze            |    31 |    10 |       |       ||    41
       Frozen Ramparts   |       |     9 |    31 |     3 ||    43
       Summon Ice Beast  |       |     2 |     8 |     3 ||    13
       Hailstorm         |       |    29 |    24 |       ||    53
       Ozocubu's Armour  |       |       |     1 |       ||     1
Evoke: Wand              |       |     3 |     1 |       ||     4
  Use: Scroll            |       |     8 |       |       ||     8
       Potion            |       |     3 |     1 |     1 ||     5
 Stab: Sleeping          |       |     5 |     3 |       ||     8
       Distracted        |       |       |       |     1 ||     1
  Eat: Chunk             |       |     6 |     3 |     1 ||    10
       Ration            |       |     3 |     2 |       ||     5
Armor: Robe              |     5 |     9 |    14 |       ||    28
       Skin              |       |       |     4 |       ||     4
Dodge: Dodged            |    15 |    34 |    60 |     9 ||   118
Block: Buckler           |       |       |    21 |     2 ||    23

Table legend:
 A = Non-vault XP
 B = Vault XP
 C = Vault XP percentage of total XP
 D = Non-vault monster count
 E = Vault monster count
 F = Vault count percentage of total count
                 A         B        C        D         E       F
            +---------+---------+-------+---------+---------+-------
      Total |    5164 |    1519 |  22.7 |     106 |      11 |   9.4
            +---------+---------+-------+---------+---------+-------
        D:1 |      12 |       0 |   0.0 |       8 |       0 |   0.0
        D:2 |      83 |       0 |   0.0 |       7 |       0 |   0.0
        D:3 |       6 |       0 |   0.0 |       3 |       0 |   0.0
        D:4 |     390 |     709 |  64.5 |      21 |       7 |  25.0
        D:5 |     928 |       4 |   0.4 |      24 |       1 |   4.0
        D:6 |    1193 |     335 |  21.9 |      22 |       2 |   8.3
        D:7 |    1824 |     471 |  20.5 |      19 |       1 |   5.0
        D:8 |     728 |       0 |   0.0 |       2 |       0 |   0.0
            +---------+---------+-------+---------+---------+-------
